 Dungeon Crawl Stone Soup version 0.21-a0-273-g0785366 (webtiles) character file.

96993 nikopol the Severer (level 15, -7/217 HPs)
             Began as a Minotaur Berserker on Sept 13, 2017.
             Was the Champion of Trog.
             Mangled by a large slime creature (16 damage)
             ... on level 15 of the Dungeon on Sept 16, 2017.
             The game lasted 01:30:01 (28289 turns).

nikopol the Severer (Minotaur Berserker)           Turns: 28289, Time: 01:30:02

Health: -7/217     AC: 18    Str: 28    XL:     15   Next: 70%
Magic:  14/14      EV: 15    Int:  4    God:    Trog [******]
Gold:   3012       SH:  0    Dex: 17    Spells: 14/14 levels left

rFire    + . .     SeeInvis .   a - +3 executioner's axe (freeze)
rCold    + + .     Gourm    .   (shield currently unavailable)
rNeg     + + +     Faith    .   X - +1 scale mail of Vuegug Kasu {rElec rC+ rN+++ Stlth-}
rPois    +         Spirit   .   U - +0 hat of Yhyfour {-Cast rC+ rCorr Dex+2}
rElec    +         Reflect  .   x - +2 cloak {MR+}
rCorr    +         Harm     .   y - +0 pair of gloves {archery}
MR       +++++     Clarity  +   g - +1 pair of boots Stlth ..........NoCast +
                                Z - amulet of the Four Winds {rN+ MR+++ Clar}
HPRegen  0.46/turn              O - ring of protection from fire
MPRegen  0.14/turn              D - ring of poison resistance

@: berserking (expiring), very quick
A: retaliatory headbutt, horns 2
a: Berserk, Trog's Hand, Brothers in Arms, Burn Spellbooks, Renounce Religion


You were on level 15 of the Dungeon.
You worshipped Trog.
Trog was exalted by your worship.
You were not hungry.

You visited 3 branches of the dungeon, and saw 23 of its levels.
You also visited: Labyrinth, Ossuary and Ice Cave.

You collected 3012 gold pieces.

Inventory:

Hand Weapons
 a - a +3 executioner's axe of freezing (weapon)
 z - a +5 shortbow of freezing
 E - a +3 longbow of freezing
 P - a +4 war axe
Missiles
 v - 381 arrows
Armour
 g - a +1 pair of boots (worn)
 x - a +2 cloak of magic resistance (worn)
 y - a +0 pair of gloves of archery (worn)
 A - the +1 chain mail "Meniocryle" {SInv}
   (You found it on level 5 of the Dungeon)

   It lets you see invisible.
 U - the +0 hat of Yhyfour (worn) {-Cast rC+ rCorr Dex+2}
   (You acquired it in an ice cave)

   It affects your dexterity (+2).
   It protects you from cold.
   It prevents spellcasting.
   It protects you from acid and corrosion.
 X - the +1 scale mail of Vuegug Kasu (worn) {rElec rC+ rN+++ Stlth-}
   (You found it on level 2 of the Lair of Beasts)

   It protects you from cold.
   It insulates you from electricity.
   It renders you almost immune to negative energy.
   It makes you less stealthy.
Jewellery
 D - a ring of poison resistance (right hand)
 F - the ring "Lariosopt" {-Tele rC+ rN+ Int+4 SInv}
   (You acquired it on level 11 of the Dungeon)

   [ring of positive energy]

   It affects your intelligence (+4).
   It protects you from cold.
   It protects you from negative energy.
   It lets you see invisible.
   It prevents most forms of teleportation.
 G - an uncursed ring of flight
 O - a ring of protection from fire (left hand)
 Z - the amulet of the Four Winds (around neck) {rN+ MR+++ Clar}
   (You found it in an ice cave)

   [amulet of nothing]

   It protects you from negative energy.
   It affects your resistance to hostile enchantments.
   It protects you against confusion.
Wands
 s - a wand of lightning (8/15)
 u - a wand of disintegration (8/24)
 w - a wand of digging (9/24)
 V - a wand of digging (11/24)
Scrolls
 d - 11 scrolls of remove curse
 i - a scroll of enchant weapon
 k - 14 scrolls of teleportation
 l - 8 scrolls of recharging
 m - 6 scrolls of enchant armour
 n - 5 scrolls of blinking
 H - a scroll of fog
 L - a scroll of silence
 N - 2 scrolls of fear
Potions
 b - 3 potions of cancellation
 e - 15 potions of curing
 h - 4 potions of heal wounds
 j - 2 potions of invisibility
 o - 4 potions of agility
 r - 6 potions of magic
 t - 3 potions of berserk rage
 B - 4 potions of haste
 C - 5 potions of brilliance
 M - 4 potions of might
 R - 2 potions of flight
 Y - 2 potions of mutation
Comestibles
 c - 15 bread rations
 f - 5 chunks of flesh
 p - 30 fruits
 q - 13 meat rations
 S - 6 royal jellies


   Skills:
 + Level 16.3 Fighting
 + Level 17.8 Axes
 + Level 14.7 Bows
 + Level 13.6 Armour
 + Level 7.3 Dodging
 + Level 3.1 Stealth


You had 14 spell levels left.
You didn't know any spells.

Dungeon Overview and Level Annotations

Branches:
Dungeon (15/15)            Temple (0/1) D:4            Lair (6/6) D:9
 Shoals (0/4) Lair:4        Snake (0/4) Lair:4        Slime (0/5) Lair:6
    Orc (2/2) D:11            Elf (0/3) Orc:2        Vaults (0/5) D:13
 Depths: D:15

Altars:
Dithmenos
Elyvilon
Fedhas
Gozag
Okawaru
Qazlal
Ru
Sif Muna
Uskayaw
Zin
The Shining One
Beogh
Lugonu

Shops:
D:7 *   D:15 =   Orc:2 *%(%}


Innate Abilities, Weirdness & Mutations

You reflexively headbutt those who attack you in melee.
You have a pair of horns on your head.


Message History

* * * LOW HITPOINT WARNING * * *
You barely miss Agnes.
Agnes is almost dead.
Agnes hits you but does no damage.
You slice Agnes!! You freeze Agnes.
You kill Agnes!
Trog accepts your kill.
You slash the slime creature! You freeze the slime creature.
You headbutt the slime creature!
The slime creature is heavily wounded.
Two slime creatures merge to form a large slime creature.
You slash the large slime creature! You freeze the large slime creature.
You headbutt the large slime creature!
The large slime creature is heavily wounded.
A slime creature comes into view.
You hit the large slime creature. You freeze the large slime creature.
You headbutt the large slime creature.
The large slime creature is heavily wounded.
The large slime creature hits you!
You die...

......######.....#...............
......# #######.†)............
...)..# #.....................
......# #.....................
......#. #.....................
..#...##...#.....#...............
..#.### #.....†.#...............
..### #.####..#...............
..# ##@########... ..# ##J......
... ..# J...... .. .[# .......
..### ####### ....# ...## ...#
..### #####


You could see a large slime creature and a slime creature.

Vanquished Creatures
  Rupert (Lair:3)
  Agnes (D:15)
  Kirke (D:14)
  Snorg (Lair:3)
  A minotaur (Lab)
  Fannar (D:11)
  5 hydras
  A fire dragon (D:13)
  A hell beast (D:11)
  A vault guard (D:13)
  Erolcha (D:9)
  The ghost of Shiggs the Grappler, a journeyman VSFi of Okawaru (D:13)
  2 ice dragons (IceCv)
  2 centaur warriors
  3 catoblepae (Lair:6)
  7 two-headed ogres
  A tengu warrior (D:14)
  15 death yaks
  3 orc high priests
  A fire crab (Lair:5)
  A glowing orange brain (D:15)
  A wolf spider zombie (D:15)
  Pikel (D:6)
  5 orc knights (Orc:2)
  The ghost of sveltemanboy the Zephyrmancer, a novice TeAE of Vehumet (D:8)
  2 deep elf magi
  6 orc sorcerers (Orc:2)
  4 manticores
  5 ugly things
  A moth of wrath (shapeshifter) (D:15)
  3 cyclopes
  A centaur zombie (D:11)
  2 ice statues (IceCv)
  Maurice (D:8)
  2 black mambas
  Joseph (D:9)
  2 orange demons (D:11)
  Psyche (D:9)
  3 gargoyles
  7 spiny frogs
  2 kobold demonologists (D:14)
  3 komodo dragons
  A freezing wraith (D:14)
  2 efreet
  The ghost of Shiggs the Changer, a novice OpTm (D:5)
  17 rime drakes
  A tengu conjurer (D:15)
  3 meliai (D:14)
  A polar bear (Lair:5)
  4 trolls
  A polar bear (shapeshifter) (Orc:2)
  2 hornets
  9 blink frogs
  18 hippogriffs
  4 slime creatures (D:12)
  2 redbacks (Lab)
  Sigmund (D:2)
  A spriggan (D:7)
  8 wyverns
  4 wraiths
  21 yaks
  8 basilisks
  Eustachio (D:4)
  A steam dragon (D:13)
  A hungry ghost (D:13)
  Menkaure (D:4)
  2 nagas (Lair:4)
  2 acid dragons
  A warg (Orc:2)
  An acid dragon (shapeshifter) (D:15)
  28 water moccasins
  6 porcupines
  Duvessa (D:6)
  4 slaves (D:6)
  28 orc warriors
  3 sky beasts
  3 black bears
  22 ice beasts
  A phantom (D:11)
  2 necrophages (D:9)
  An eye of draining (D:13)
  10 ogres
  13 centaurs
  11 crocodiles
  6 big kobolds
  18 bullfrogs
  A gnoll sergeant (D:6)
  Dowan (D:6)
  An earth elemental (Lab)
  5 scorpions
  6 killer bees (D:7)
  17 wights
  3 electric eels
  7 crimson imps
  A bullfrog zombie (D:8)
  2 howler monkeys
  A quasit (D:7)
  3 bullfrog skeletons
  19 orc priests
  4 hounds
  6 iron imps (D:11)
  20 jellies
  26 orc wizards
  11 centaur skeletons
  Ijyb (D:4)
  2 iguanas
  11 worker ants
  A hound zombie (D:11)
  Robin (D:2)
  A howler monkey skeleton (D:6)
  26 adders
  5 gnolls (D:6)
  3 shadow imps
  6 adder zombies
  2 worms
  A dart slug (D:2)
  4 leopard geckos
  74 orcs
  A ball python (D:3)
  2 giant cockroaches (D:5)
  13 goblins
  8 hobgoblins
  8 jackals
  21 kobolds
  3 quokkas
  A ball python skeleton (Ossuary)
  4 bats
  4 frilled lizards
  A giant cockroach zombie (D:5)
  2 hobgoblin zombies (Ossuary)
  2 kobold zombies (Ossuary)
  2 orc zombies
  A quokka zombie (D:5)
  3 rats
  A rat zombie (D:8)
  A bush (Lair:1)
  6 fungi
  6 plants
743 creatures vanquished.

Vanquished Creatures (collateral kills)
  A hydra (Lair:3)
  An orc high priest (Orc:2)
  3 orc knights (Orc:2)
  An orc sorcerer (Orc:2)
  2 orc warriors (Orc:2)
  An orc priest (Orc:2)
9 creatures vanquished.

Vanquished Creatures (others)
  A centaur skeleton (D:14)
  5 humans
  2 orc wizards
  An orc (D:14)
  A fungus (Lair:6)
  8 plants (Lair:6)
18 creatures vanquished.

Grand Total: 770 creatures vanquished

Notes
Turn   | Place    | Note
-------+----------+-------------------------------------------
     0 | D:1      | nikopol the Minotaur Berserker began the quest for the Orb.
     0 | D:1      | Reached XP level 1. HP: 19/19 MP: 0/0
   379 | D:1      | Reached skill level 4 in Axes
   446 | D:1      | Reached XP level 2. HP: 27/27 MP: 1/1
   970 | D:2      | Noticed Sigmund
   980 | D:2      | Killed Sigmund
   980 | D:2      | Reached skill level 5 in Axes
   980 | D:2      | Reached XP level 3. HP: 25/35 MP: 2/2
   980 | D:2      | Reached XP level 4. HP: 29/41 MP: 3/3
   980 | D:2      | Reached XP level 5. HP: 33/47 MP: 4/4
  1149 | D:2      | Reached skill level 5 in Fighting
  1156 | D:2      | Reached ** piety under Trog
  1177 | D:2      | Noticed Robin
  1188 | D:2      | Killed Robin
  1188 | D:2      | Reached skill level 6 in Axes
  1366 | D:2      | Upgraded the game from 0.21-a0-270-g8204059 to 0.21-a0-272-g984ae92
  1588 | D:3      | Reached XP level 6. HP: 56/56 MP: 5/5
  1800 | D:3      | Found a glowing silver altar of Zin.
  1801 | D:3      | Found a glowing golden altar of the Shining One.
  1802 | D:3      | Found a white marble altar of Elyvilon.
  1940 | D:3      | Upgraded the game from 0.21-a0-272-g984ae92 to 0.21-a0-273-g0785366
  2330 | D:4      | Found a staircase to the Ecumenical Temple.
  2350 | D:4      | Noticed Eustachio
  2377 | D:4      | Killed Eustachio
  2377 | D:4      | Reached skill level 7 in Axes
  2647 | D:4      | Reached XP level 7. HP: 62/62 MP: 6/6
  2920 | D:4      | Noticed Ijyb
  2938 | D:4      | Killed Ijyb
  3045 | D:4      | Noticed Menkaure
  3051 | D:4      | Killed Menkaure
  3245 | D:4      | Found a shadowy altar of Dithmenos.
  3487 | D:4      | You fall through a shaft for 2 floors!
  3547 | D:6      | Noticed Pikel
  3676 | D:6      | Killed Pikel
  3676 | D:6      | Reached skill level 8 in Axes
  3676 | D:6      | Reached skill level 5 in Armour
  3676 | D:6      | Reached skill level 1 in Stealth
  3676 | D:6      | Reached XP level 8. HP: 59/71 MP: 7/7
  3886 | D:5      | Entered Level 5 of the Dungeon
  4243 | D:5      | Reached skill level 9 in Axes
  4338 | D:5      | Found an iron altar of Okawaru.
  4470 | D:5      | Got a fine chain mail
  4481 | D:5      | Identified the cursed +1 chain mail "Meniocryle" {SInv} (You found it on level 5 of the Dungeon)
  4605 | D:5      | Reached *** piety under Trog
  4793 | D:5      | Found a sacrificial altar of Ru.
  4886 | D:5      | Noticed Shiggs's ghost (novice OpTm)
  4891 | D:5      | Killed Shiggs's ghost
  5299 | D:6      | Reached XP level 9. HP: 75/79 MP: 8/8
  5464 | D:6      | Noticed Duvessa
  5465 | D:6      | Noticed Dowan
  5483 | D:6      | Killed Duvessa
  5483 | D:6      | Reached skill level 10 in Axes
  5485 | D:6      | Killed Dowan
  5892 | D:7      | Found Gozag's Platinum Reserve.
  5899 | D:7      | Found an opulent altar of Gozag.
  6361 | D:7      | Reached skill level 11 in Axes
  6408 | D:7      | Found a blossoming altar of Fedhas.
  6520 | D:7      | Found a deep blue altar of Sif Muna.
  6609 | D:7      | Found a hide-covered altar of Uskayaw.
  6734 | D:8      | Found a sand-covered staircase.
  6748 | Ossuary  | Entered an ossuary
  6819 | Ossuary  | Reached **** piety under Trog
  7152 | D:8      | Reached skill level 5 in Dodging
  7158 | D:8      | Reached XP level 10. HP: 88/88 MP: 9/9
  7246 | D:8      | Noticed Maurice
  7393 | D:8      | Found a hide-covered altar of Uskayaw.
  7394 | D:8      | Noticed sveltemanboy's ghost (novice TeAE)
  7397 | D:8      | Noticed a dagger
  7397 | D:8      | Noticed a hand axe
  7405 | D:8      | Killed sveltemanboy's ghost
  7405 | D:8      | Reached skill level 12 in Axes
  7855 | D:8      | Killed Maurice
  7855 | D:8      | Reached skill level 1 in Bows
  8052 | D:9      | Noticed Psyche
  8065 | D:9      | Killed Psyche
  8175 | D:9      | Noticed a two-headed ogre
  8185 | D:9      | Killed a two-headed ogre
  8392 | D:9      | Noticed a two-headed ogre
  8405 | D:9      | Killed a two-headed ogre
  8405 | D:9      | Reached skill level 5 in Bows
  8405 | D:9      | Reached skill level 10 in Armour
  8662 | D:9      | Reached XP level 11. HP: 61/97 MP: 10/10
  8851 | D:9      | Noticed Erolcha
  8873 | D:9      | Killed Erolcha
  8966 | D:9      | Noticed a death yak
  8967 | D:9      | Noticed a death yak
  8969 | D:9      | Noticed a death yak
  9017 | D:9      | Killed a death yak
  9017 | D:9      | Reached ***** piety under Trog
  9017 | D:9      | Reached skill level 13 in Axes
  9193 | D:9      | Noticed Joseph
  9215 | D:9      | Killed Joseph
  9262 | D:9      | Reached skill level 10 in Fighting
  9270 | D:9      | Found a staircase to the Lair.
  9309 | D:9      | Killed a death yak
  9312 | D:9      | Killed a death yak
  9608 | Lair:1   | Entered Level 1 of the Lair of Beasts
 10521 | Lair:2   | Received a gift from Trog
 10895 | Lair:2   | Reached XP level 12. HP: 94/108 MP: 11/11
 10918 | Lair:2   | Got a bloodstained scale mail
 10930 | Lair:2   | Identified the cursed +1 scale mail of Vuegug Kasu {rElec rC+ rN+++ Stlth-} (You found it on level 2 of the Lair of Beasts)
 11400 | Lair:3   | Noticed Rupert
 11402 | Lair:3   | Noticed Snorg
 11411 | Lair:3   | Killed Rupert
 11411 | Lair:3   | Reached skill level 14 in Axes
 11418 | Lair:3   | Killed Snorg
 11717 | Lair:3   | Noticed a four-headed hydra
 11726 | Lair:3   | Killed a four-headed hydra
 11854 | Lair:3   | Got a fine copper ring
 12441 | Lair:4   | Identified the ring "Neugoice" {*Corrode rF+ Dex+4 Stlth+} (You found it on level 3 of the Lair of Beasts)
 12532 | Lair:4   | Received a gift from Trog
 12677 | Lair:4   | Found a staircase to the Shoals.
 12766 | Lair:4   | Reached skill level 10 in Bows
 13011 | Lair:4   | Found a staircase to the Snake Pit.
 13672 | Lair:5   | Reached skill level 15 in Axes
 13970 | Lair:5   | Noticed an eight-headed hydra
 13985 | Lair:5   | Killed an eight-headed hydra
 14214 | Lair:5   | Reached XP level 13. HP: 88/118 MP: 12/12
 15495 | Lair:6   | Entered Level 6 of the Lair of Beasts
 15601 | Lair:6   | Received a gift from Trog
 15606 | Lair:6   | Found a staircase to the Slime Pits.
 16990 | Lair:6   | Reached skill level 16 in Axes
 17662 | Lair:6   | Reached XP level 14. HP: 129/129 MP: 13/13
 18231 | Lair:6   | Received a gift from Trog
 18569 | D:10     | Entered Level 10 of the Dungeon
 19327 | D:11     | Identified a scroll of acquirement
 19328 | D:11     | Got a coiled silver ring
 19370 | D:11     | Noticed Fannar
 19396 | D:11     | Killed Fannar
 19434 | D:11     | Found a labyrinth entrance.
 19443 | Lab      | Entered a labyrinth
 20414 | D:11     | Found a corrupted altar of Lugonu.
 20696 | D:11     | Received a gift from Trog
 20727 | D:11     | Identified the ring "Lariosopt" {-Tele rC+ rN+ Int+4 SInv} (You acquired it on level 11 of the Dungeon)
 20767 | D:11     | Reached ****** piety under Trog
 20809 | D:11     | Found a staircase to the Orcish Mines.
 21258 | D:11     | Received a gift from Trog
 21356 | Orc:1    | Entered Level 1 of the Orcish Mines
 22058 | Orc:2    | Entered Level 2 of the Orcish Mines
 22083 | Orc:2    | Received a gift from Trog
 22370 | Orc:2    | Found a staircase to the Elven Halls.
 22922 | Orc:1    | Found a runed door.
 23067 | Orc:1    | Found a roughly hewn altar of Beogh.
 23549 | Orc:2    | Found Appam's Assorted Antiques.
 23688 | Orc:2    | Found Cedwaol's Food Shop.
 23693 | Orc:2    | Received a gift from Trog
 24314 | Orc:2    | Reached skill level 15 in Fighting
 24569 | Orc:2    | Found Wupel's Food Emporium.
 24586 | Orc:2    | Found Ruah Meh's Gadget Emporium.
 24591 | Orc:2    | Found Jamimed's Weapon Shop.
 25251 | D:12     | Received a gift from Trog
 25359 | D:12     | Reached XP level 15. HP: 116/141 MP: 14/14
 25675 | D:13     | Received a gift from Trog
 25686 | D:13     | Noticed Shiggs's ghost (journeyman VSFi)
 25694 | D:13     | Killed Shiggs's ghost
 26454 | D:13     | Found a gate to the Vaults.
 26485 | D:14     | Reached skill level 17 in Axes
 26519 | D:14     | Found a frozen archway.
 26527 | IceCv    | Entered an ice cave
 26682 | IceCv    | Got a jewelled hat
 26688 | IceCv    | Identified the +0 hat of Yhyfour {-Cast rC+ rCorr Dex+2} (You acquired it in an ice cave)
 26792 | IceCv    | Found the amulet of the Four Winds {rN+ MR+++ Clar}
 27157 | D:14     | Noticed Kirke
 27164 | D:14     | Killed Kirke
 27340 | D:14     | Found a stormy altar of Qazlal.
 27419 | D:14     | Received a gift from Trog
 27833 | D:15     | Entered Level 15 of the Dungeon
 27967 | D:15     | Found Ucinam's Jewellery Emporium.
 28274 | D:15     | Noticed Agnes
 28284 | D:15     | HP: 7/216 [Agnes/lajatang of electrocution (9)]
 28286 | D:15     | Killed Agnes
 28289 | D:15     | Mangled by a large slime creature

Vault maps used:
D:1:      lemuel_arrival_funnel, minmay_misc_feat_plants, roderic_malta_cross
D:2:      first_bread, uniq_sigmund, uniq_robin
D:3:      good_gods_temple_1, kennysheep_potato
D:4:      minmay_temple_entry_large_hall, minmay_item_behind_shaft,
          nicolae_dithmenos_through_a_glass_darkly, uniq_ijyb, uniq_menkaure,
          uniq_eustachio
D:5:      okawaru_trees_2, kennysheep_mini
D:6:      uniq_pikel, uniq_duvessa
D:7:      fedhas_altar_2, nicolae_gozag_zags_fifth_avenue, led_sif_book,
          basic_altar, the_bakery
D:8:      dancing_weapons_uskayaw, enter_ossuary_3, uniq_maurice
D:9:      dpeg_lair_monsters, uniq_joseph, uniq_psyche, uniq_erolcha
D:11:     hiddenorc1_lemuel, lab_entry_generic, lemuel_hellish_altar,
          uniq_fannar
D:13:     david_vaults_5
D:14:     basic_altar, minivault_23, portal_ice_cave_entry_pillars_1,
          minmay_misc_feat_chi, kennysheep_small_circle, uniq_kirke
D:15:     gammafunk_enter_depths_forms, serial_shops, shop, eino_curves_02,
          grunt_ministairs_6, uniq_agnes
Lair:1:   serial_forest, infiniplex_forest_end_2, infiniplex_forest_straight_2,
          infiniplex_forest_lined_ring, infiniplex_forest_clump_long,
          infiniplex_forest_clump_double, infiniplex_forest_clump_medium,
          infiniplex_forest_end_3, infiniplex_forest_straight_1,
          infiniplex_forest_zigzag_2
Lair:2:   serial_bayou, serial_bayou_shore_b, serial_bayou_pond_a,
          serial_bayou_pond_d, serial_bayou_lagoon_a, serial_bayou_shore_b,
          serial_bayou_pond_b
Lair:3:   patterned_corridor, serial_bayou_shore_a, uniq_snorg, uniq_rupert
Lair:4:   lemuel_reptile_caves, elwin_shoals_entry_rocks,
          minmay_snake_entry_guardpost_large, minmay_lair_drake_nest,
          grunt_megastairs_2, lemuel_fruit_tree
Lair:5:   grunt_megastairs_5
Lair:6:   evilmike_catoblepas_cave, minmay_slime_entry_jelly_boxes,
          special_room, serial_bayou_shore_b
Orc:1:    lightli_church_of_beogh
Orc:2:    st_orc_elflike, serial_shops, shop
Lab:      nicolae_lab_dead_adventurers, nicolae_lab_swirl,
          labyrinth_skeletal_remains, nicolae_lab_do_over, nicolae_lab_stuck,
          nicolae_lab_flowing_pool, nicolae_lab_quarters, nicolae_lab_blocks
Ossuary:  ossuary_due_cavern
IceCv:    ice_cave_small_dragons

Skill      XL: |  1  2  3  4  5  6  7  8  9 10 11 12 13 14 15 |
---------------+----------------------------------------------+-----
Axes           | 4 5 6 7 8 9 11 12 13 15 16 17 | 17.8
Fighting       | 4 5 6 7 8 9 10 12 13 15 16 | 16.3
Armour         | 3 4 5 7 9 10 11 12 13 | 13.6
Dodging        | 3 4 5 6 7 |  7.3
Stealth        | 1 2 3 |  3.1
Bows           | 5 8 10 12 14 | 14.7

Action                   |  1- 3 |  4- 6 |  7- 9 | 10-12 | 13-15 || total
-------------------------+-------+-------+-------+-------+-------++-------
Melee: Hand axe          |    32 |    90 |   401 |   190 |       ||   713
       Headbutt          |     4 |    19 |    80 |   117 |   169 ||   389
       War axe           |       |       |       |   307 |   490 ||   797
       Executioner's axe |       |       |       |       |   115 ||   115
 Fire: Shortbow          |       |       |       |   291 |   963 ||  1254
Invok: Berserk           |     2 |     1 |     5 |     7 |     6 ||    21
       Burn Spellbooks   |       |       |       |     2 |     4 ||     6
       Brothers in Arms  |       |       |       |     2 |     1 ||     3
  Use: Scroll            |       |       |       |    14 |    28 ||    42
       Potion            |       |       |       |       |     2 ||     2
 Stab: Petrified         |       |       |       |       |     7 ||     7
  Eat: Chunk             |       |     8 |    15 |    26 |    50 ||    99
       Fruit             |       |       |     1 |     1 |     1 ||     3
       Meat ration       |       |       |     1 |       |     1 ||     2
Armor: Animal skin       |     2 |       |       |       |       ||     2
       Scale mail        |     6 |    65 |    44 |    68 |   117 ||   300
       Chain mail        |       |       |   161 |   116 |   110 ||   387
Dodge: Dodged            |    27 |    72 |   196 |   234 |   347 ||   876

Table legend:
 A = Spawn XP
 B = Non-spawn XP
 C = Spawn XP percentage of total XP
 D = Spawn monster count
 E = Non-spawn monster count
 F = Spawn count percentage of total count
 G = Total turns spent on level
                    A         B        C        D         E        F      G
               +---------+---------+-------+---------+---------+-------+---------
         Total |       0 |  138562 |   0.0 |       0 |     736 |   0.0 | 28289
               +---------+---------+-------+---------+---------+-------+---------
           D:1 |       0 |      20 |   0.0 |       0 |      12 |   0.0 |   852
           D:2 |       0 |     359 |   0.0 |       0 |      28 |   0.0 |   695
           D:3 |       0 |      60 |   0.0 |       0 |      14 |   0.0 |   779
           D:4 |       0 |     628 |   0.0 |       0 |      16 |   0.0 |  1319
           D:5 |       0 |     618 |   0.0 |       0 |      16 |   0.0 |  1066
           D:6 |       0 |    1557 |   0.0 |       0 |      28 |   0.0 |  1171
           D:7 |       0 |    1126 |   0.0 |       0 |      17 |   0.0 |   851
           D:8 |       0 |    2175 |   0.0 |       0 |      19 |   0.0 |   902
           D:9 |       0 |    9426 |   0.0 |       0 |      46 |   0.0 |  1622
          D:10 |       0 |    2719 |   0.0 |       0 |      20 |   0.0 |   732
          D:11 |       0 |    6014 |   0.0 |       0 |      64 |   0.0 |  1328
          D:12 |       0 |    6008 |   0.0 |       0 |      35 |   0.0 |   809
          D:13 |       0 |   10675 |   0.0 |       0 |      38 |   0.0 |   837
          D:14 |       0 |    7735 |   0.0 |       0 |      27 |   0.0 |   798
          D:15 |       0 |   10147 |   0.0 |       0 |      24 |   0.0 |   456
        Lair:1 |       0 |    3803 |   0.0 |       0 |      18 |   0.0 |   925
        Lair:2 |       0 |    1819 |   0.0 |       0 |      11 |   0.0 |   905
        Lair:3 |       0 |    5474 |   0.0 |       0 |       8 |   0.0 |   988
        Lair:4 |       0 |    6918 |   0.0 |       0 |      46 |   0.0 |  1251
        Lair:5 |       0 |    8931 |   0.0 |       0 |      29 |   0.0 |  2261
        Lair:6 |       0 |   26560 |   0.0 |       0 |      68 |   0.0 |  2606
         Orc:1 |       0 |    3575 |   0.0 |       0 |      41 |   0.0 |  1458
         Orc:2 |       0 |   13328 |   0.0 |       0 |      68 |   0.0 |  1988
           Lab |       0 |    2812 |   0.0 |       0 |       9 |   0.0 |   759
       Ossuary |       0 |     622 |   0.0 |       0 |      14 |   0.0 |   376
         IceCv |       0 |    5453 |   0.0 |       0 |      20 |   0.0 |   555
               +---------+---------+-------+---------+---------+-------+---------
